 Dungeon Crawl Stone Soup version 0.25-a0-513-ge77a69270c (webtiles) character file.

Game seed: 17821115072926105183, levelgen mode: deterministic

6513 Kohma the Carver (level 10, -3/88 HPs)
             Began as a Grey Draconian Ice Elementalist on Feb 16, 2020.
             Was an Initiate of Kikubaaqudgha.
             Slain by an orc warrior
             ... wielding a +0 glaive
              (12 damage)
             ... on level 9 of the Dungeon.
             The game lasted 00:38:24 (11166 turns).

Kohma the Carver (Grey Draconian Ice Elementalist) Turns: 11166, Time: 00:38:24

Health: -3/88      AC: 13    Str: 10    XL:     10   Next: 69%
Magic:  7/16       EV: 15    Int: 19    God:    Kikubaaqudgha [......]
Gold:   549        SH:  0    Dex: 12    Spells: 6/17 levels left

rFire    . . .     SeeInvis .   s - +1 long sword
rCold    . . .     Gourm    .   (no shield)
rNeg     + . .     Faith    .   (armour unavailable)
rPois    .         Spirit   .   (helmet restricted)
rElec    .         Reflect  .   x - +0 cloak
rCorr    .         Harm     .   (no gloves)
MR       .....                  (no boots)
Stlth    ++........             (no amulet)
HPRegen  0.24/turn              m - ring of positive energy
MPRegen  0.15/turn              (no ring)

@: frozen ramparts, lightly drained
A: walk through water, unfitting armour, unbreathing, cold-blooded, AC +12
a: Renounce Religion


You were on level 9 of the Dungeon.
You worshipped Kikubaaqudgha.
Kikubaaqudgha was noncommittal.
You were not hungry.

You visited 4 branches of the dungeon, and saw 12 of its levels.

You collected 549 gold pieces.

Inventory:

Hand Weapons
 s - a +1 long sword (weapon)
 w - a +3 trident of freezing
Missiles
 e - 4 silver boomerangs
 g - 2 boomerangs of dispersal
 h - 5 poisoned darts (quivered)
 y - 4 throwing nets
Armour
 f - a scarf of repulsion
 x - a +0 cloak (worn)
Magical Staves
 C - an uncursed staff of wizardry {unknown}
Jewellery
 m - a ring of positive energy (left hand)
 A - an uncursed ring of positive energy
Wands
 t - a wand of flame (1)
Scrolls
 a - 3 scrolls of identify
 c - a scroll of teleportation
 n - 2 scrolls of fog
 p - 2 scrolls of remove curse
 q - 3 scrolls of enchant weapon
 u - 2 scrolls of enchant armour
 v - a scroll of fear
Potions
 j - 4 potions of brilliance
 k - a potion of agility
 l - a potion of magic
 o - 7 potions of curing
 r - a potion of invisibility
 z - a potion of ambrosia
Comestibles
 b - 10 rations
 d - 4 chunks of flesh


   Skills:
 + Level 7.9(7.5) Fighting
   Level 1.2(6.0) Short Blades
 * Level 10.0(9.6) Long Blades
 + Level 7.0(6.5) Dodging
 - Level 2.0(1.6) Stealth
 - Level 4.0(3.5) Spellcasting
 - Level 3.6(3.2) Summonings
 + Level 1.2(0.8) Necromancy
 - Level 6.1(5.6) Ice Magic


You had 6 spell levels left.
You knew the following spells:

 Your Spells              Type           Power        Failure   Level  Hunger
a - Freeze                Ice            ####         1%          1    None
b - Frozen Ramparts       Ice            ####..       4%          3    ###....
c - Summon Ice Beast      Ice/Summ       ###.....     22%         4    ####...
d - Vampiric Draining     Necr           #.........   30%         3    ###....

Your spell library contained the following spells:

 Spells                   Type           Power        Failure   Level  Hunger
 Summon Butterflies       Summ           ###.....     3%          1    None
 Animate Skeleton         Necr           N/A          10%         1    None
 Pain                     Necr           #...         10%         1    None
 Apportation              Tloc           #.....       14%         1    None
 Ozocubu's Armour         Chrm/Ice       ##......     14%         3    ###....
 Sublimation of Blood     Necr           #.........   16%         2    ##.....
 Lesser Beckoning         Tloc           #.........   41%         3    ###....
 Tukima's Dance           Hex            #.......     41%         3    ###....
 Hailstorm                Conj/Ice       ##......     41%         4    ####...
 Alistair's Intoxication  Tmut/Pois      #.......     99%         5    ######.
 Invisibility             Hex            #.......     100%        6    #######


Dungeon Overview and Level Annotations

Branches:
Dungeon (9/15)             Temple (1/1) D:4            Lair (1/6) D:8
    Orc (1/2) D:9

Altars:
Ashenzari
Cheibriados
Dithmenos
Elyvilon
Fedhas
Gozag
Hepliaklqana
Kikubaaqudgha
Makhleb
Nemelex Xobeh
Okawaru
Qazlal
Ru
Sif Muna
Trog
Uskayaw
Vehumet
Wu Jian
Xom
Yredelemnul
Zin
The Shining One

Shops:
D:6 (

Annotations:
Lair:1 Fannar


Innate Abilities, Weirdness & Mutations

You can walk through water.
Your dull iron-grey scales are very hard. (AC +12)
You cannot fit into any form of body armour.
You can survive without breathing.
You are cold-blooded and may be slowed by cold attacks.


Message History

You throw a poisoned dart.
The poisoned dart completely misses the orc warrior.
Throwing (i - inventory. (/) - cycle)
h - 7 poisoned darts (quivered)
Press: ? - help, Shift-Dir - straight line, f/p - orc warrior
Aim: an orc warrior, wielding a +0 glaive and wearing a +0 chain mail (severely wounded)
You throw a poisoned dart. The poisoned dart hits the orc warrior.
The orc warrior is poisoned.
The orc warrior is severely wounded.
Throwing (i - inventory. (/) - cycle)
h - 6 poisoned darts (quivered)
Press: ? - help, Shift-Dir - straight line, f/p - orc warrior
Aim: an orc warrior, wielding a +0 glaive and wearing a +0 chain mail (severely wounded, poisoned)
You throw a poisoned dart. The poisoned dart hits the orc warrior.
The orc warrior looks even sicker.
The orc warrior is severely wounded.
Casting: Frozen Ramparts (safe; 4% risk of failure)
Confirm with . or Enter, or press ? or * to list all spells.
The walls around you are covered in icicles.
The orc warrior hits you from afar with a +0 glaive!
You die...
Kikubaaqudgha rasps: "You have failed me!
Welcome... death!"

#.....#.#.....8.....###........
#....)#.#...........#..........
#.....#..(.....................
###.....#..8....>....8..####.....
....)...#....(.............#.....
........#.#...........#....#.....
........#o#..).o8.....#....#.....
........#[####.....#########.####
#'#####.#......#@............#...
......#.########.............'...
......#.................######...
......#.................#........
......#.................###......
#.....#...................#......
#######.................<.#......
..........................#......
........####'####...[.....#......


You could see an orc warrior.

Vanquished Creatures
  Harold (D:8)
  Nergalle (D:9)
  Pikel (D:6)
  Joseph (D:8)
  A troll (D:8)
  Sigmund (D:2)
  6 yaks
  A wyvern (D:8)
  4 orc warriors
  3 slaves (D:6)
  A phantom (D:8)
  A black bear (D:8)
  An ice beast (D:8)
  A wolf (D:8)
  A necrophage (D:6)
  An ogre (D:8)
  A centaur (D:6)
  5 bullfrogs
  A gnoll sergeant (D:6)
  3 scorpions
  5 wights (D:7)
  5 electric eels (D:8)
  2 crimson imps
  5 orc priests
  5 hounds (D:8)
  3 bullfrog skeletons
  Natasha (thrice) (D:3)
  2 iguanas
  8 orc wizards
  4 worker ants
  A killer bee zombie (D:8)
  A hound skeleton (D:5)
  2 worker ant zombies (D:7)
  5 gnolls (D:6)
  A howler monkey skeleton (D:9)
  9 adders
  3 oozes (D:1)
  5 adder zombies
  2 adder skeletons (D:8)
  2 worms (D:3)
  A dart slug (D:1)
  4 leopard geckos
  37 orcs
  11 bats
  6 giant cockroaches
  5 goblins
  9 hobgoblins
  9 jackals (D:1)
  3 kobolds
  5 quokkas
  2 ball pythons
  3 frilled lizards
  A jackal skeleton (D:4)
  A leopard gecko skeleton (D:7)
  7 rats
213 creatures vanquished.

Vanquished Creatures (collateral kills)
  A hound (D:8)
  2 orcs (D:9)
3 creatures vanquished.

Vanquished Creatures (others)
  An adder skeleton (D:8)
  An orc (Orc:1)
2 creatures vanquished.

Grand Total: 218 creatures vanquished

Notes
Turn   | Place    | Note
-------+----------+-------------------------------------------
     0 | D:1      | Kohma the Draconian Ice Elementalist began the quest for
                  | the Orb.
     0 | D:1      | Reached XP level 1. HP: 14/14 MP: 3/3
    69 | D:1      | Reached XP level 2. HP: 20/20 MP: 1/5
   528 | D:1      | Reached XP level 3. HP: 23/26 MP: 3/6
   562 | D:1      | Learned a level 3 spell: Frozen Ramparts
  1170 | D:2      | Reached skill level 5 in Ice Magic
  1249 | D:2      | Reached XP level 4. HP: 33/33 MP: 4/8
  1329 | D:2      | Noticed Sigmund
  1346 | D:2      | Killed Sigmund
  1346 | D:2      | Reached XP level 5. HP: 19/38 MP: 4/10
  1518 | D:2      | Found a hazy altar of Hepliaklqana.
  1613 | D:2      | Found a sparkling altar of Nemelex Xobeh.
  1889 | D:2      | Found a bloodstained altar of Trog.
  2023 | D:3      | Reached XP level 6. HP: 40/46 MP: 7/11
  2263 | D:3      | Noticed Natasha
  2294 | D:3      | Killed Natasha
  2294 | D:3      | Reached skill level 1 in Fighting
  2335 | D:3      | Noticed Natasha
  2339 | D:3      | Killed Natasha
  2339 | D:3      | Reached skill level 1 in Short Blades
  2448 | D:3      | Noticed Natasha
  2456 | D:3      | Killed Natasha
  2728 | D:4      | Learned a level 4 spell: Summon Ice Beast
  2816 | D:4      | Found a white marble altar of Elyvilon.
  2891 | D:4      | Found a staircase to the Ecumenical Temple.
  2909 | Temple   | Entered the Ecumenical Temple
  3098 | D:4      | Reached skill level 1 in Long Blades
  3098 | D:4      | Reached skill level 1 in Summonings
  3697 | D:4      | Found a stormy altar of Qazlal.
  3719 | D:5      | Entered Level 5 of the Dungeon
  3757 | D:5      | Your scales start taking on a dull iron-grey colour.
  3757 | D:5      | Reached XP level 7. HP: 55/55 MP: 9/13
  3757 | D:5      | Gained mutation: You can survive without breathing. [Grey
                  | Draconian growth]
  3867 | D:5      | Found a sparkling altar of Nemelex Xobeh.
  4335 | D:5      | Reached skill level 2 in Long Blades
  4527 | D:6      | Found Latzaav's Antique Weapon Shoppe.
  4546 | D:6      | Noticed Pikel
  4580 | D:6      | Killed Pikel
  4580 | D:6      | Reached skill level 3 in Long Blades
  4580 | D:6      | Reached XP level 8. HP: 12/63 MP: 3/14
  5018 | D:6      | Reached skill level 4 in Long Blades
  5791 | D:7      | Reached skill level 5 in Long Blades
  6280 | D:7      | Reached skill level 6 in Long Blades
  6340 | D:7      | Reached XP level 9. HP: 73/73 MP: 11/15
  6473 | D:7      | Reached skill level 5 in Fighting
  6922 | D:8      | Noticed a troll
  6935 | D:8      | Killed a troll
  6935 | D:8      | Reached skill level 5 in Dodging
  6950 | D:8      | Reached skill level 7 in Long Blades
  7283 | D:8      | Found a staircase to the Lair.
  7842 | D:8      | Noticed Harold
  7883 | D:8      | Killed Harold
  7883 | D:8      | Reached skill level 8 in Long Blades
  8073 | D:8      | Found an iron altar of Okawaru.
  8080 | D:8      | Found an ornate altar of the Wu Jian Council.
  8080 | D:8      | Found a snail-covered altar of Cheibriados.
  8080 | D:8      | Found a shattered altar of Ashenzari.
  8080 | D:8      | Found a shadowy altar of Dithmenos.
  8089 | D:8      | Reached XP level 10. HP: 79/84 MP: 12/16
  8092 | D:8      | Found a shimmering altar of Xom.
  8242 | D:8      | Noticed Joseph
  8255 | D:8      | Killed Joseph
  8704 | D:9      | Found a staircase to the Orcish Mines.
  8740 | D:8      | Reached skill level 9 in Long Blades
  8923 | Lair:1   | Entered Level 1 of the Lair of Beasts
  8923 | Lair:1   | Noticed Fannar
  8951 | D:9      | Found an ancient bone altar of Kikubaaqudgha.
  8961 | D:9      | Became a worshipper of Kikubaaqudgha
  9897 | Orc:1    | Entered Level 1 of the Orcish Mines
  9897 | Orc:1    | Noticed Nergalle
  9923 | D:9      | Reached * piety under Kikubaaqudgha
  9923 | D:9      | Identified Kikubaaqudgha's Reference Book on Necromancy
                  | (Kikubaaqudgha gifted it to you on level 9 of the Dungeon)
  9923 | D:9      | Received a gift from Kikubaaqudgha
  9930 | D:9      | Noticed a spectral orc warlord
 10346 | D:9      | Learned a level 3 spell: Vampiric Draining
 10455 | D:9      | Found a staircase to the Orcish Mines.
 10512 | D:9      | Noticed a spectral orc warlord
 10620 | D:9      | Killed Nergalle
 10620 | D:9      | Reached skill level 10 in Long Blades
 10620 | D:9      | Reached skill level 1 in Necromancy
 10783 | D:9      | Found an ancient bone altar of Kikubaaqudgha.
 11166 | D:9      | Slain by an orc warrior

Levels and vault maps discovered:
D:1:      dpeg_arrival_rhombi, layout_loops_cross, minmay_tromino_v4_c
D:2:      layout_basic, lemuel_crystal_altar, old_standard_altar, bloody_trog,
          uniq_sigmund
D:3:      layout_basic, first_ration, uniq_natasha
D:4:      kennysheep_big_flooded_room, layout_rooms, elyvilon_altar_5,
          kennysheep_mini_moat, minmay_temple_entry_trees,
          minmay_misc_feat_alley, minmay_misc_feat_encased
D:5:      layout_basic, grunt_ministairs_13, nemelex_xobeh_ov_fountains_minmay
D:6:      layout_gridville, serial_shops, nicolae_shop_trees,
          hangedman_abyss_or_decor_lesser_grid, uniq_pikel
D:7:      layout_loops_ring
D:8:      layout_loops_ring, minitemple, erik_lair_island, uniq_joseph,
          uniq_harold
D:9:      layout_irregular_city, lemuel_round_altar, david_orc_2
Temple:   zaba_magenta_temple
Lair:1:   dragon1_lemuel, layout_regular_city, beast_lair_carwin_5, uniq_maggie,
          uniq_fannar
Orc:1:    layout_diamond_mine, elf_legates, uniq_nergalle, uniq_erica

Skill      XL: |  1  2  3  4  5  6  7  8  9 10 |
---------------+-------------------------------+-----
Stealth        | 2 |  2.0
Dodging        | 2 3 4 6 7 |  7.0
Ice Magic      | 5 6 |  6.1
Spellcasting   | 3 4 |  4.0
Fighting       | 2 3 4 6 7 |  7.9
Short Blades   | 1 |  1.2
Long Blades    | 1 3 6 8 10 | 10.0
Summonings     | 1 3 |  3.6
Necromancy     | 1 |  1.2

Action                   |  1- 3 |  4- 6 |  7- 9 | 10-12 || total
-------------------------+-------+-------+-------+-------++-------
Melee: Club              |    16 |       |       |       ||    16
       Tailslap          |     7 |     3 |    29 |    10 ||    49
       Unarmed           |     1 |       |       |       ||     1
       Short sword       |    34 |    30 |       |       ||    64
       Long sword        |       |    26 |   216 |   140 ||   382
Throw: Dart              |       |       |       |    15 ||    15
 Cast: Freeze            |    38 |    27 |     9 |    10 ||    84
       Frozen Ramparts   |     4 |    19 |    34 |    26 ||    83
       Summon Ice Beast  |       |       |     3 |     3 ||     6
Evoke: Wand              |       |       |    15 |     4 ||    19
  Use: Scroll            |       |    13 |     5 |     2 ||    20
       Potion            |       |       |     1 |     1 ||     2
 Stab: Sleeping          |     1 |       |     1 |     1 ||     3
       Distracted        |       |       |     1 |       ||     1
  Eat: Chunk             |     2 |     9 |    14 |     3 ||    28
       Ration            |       |       |     1 |     3 ||     4
Armor: Skin              |    45 |    26 |    87 |    61 ||   219
Dodge: Dodged            |    68 |    52 |   213 |   132 ||   465
       Deflected         |       |       |     4 |       ||     4
       Rpst.: Long sword |       |     5 |    51 |    31 ||    87

Table legend:
 A = Non-vault XP
 B = Vault XP
 C = Vault XP percentage of total XP
 D = Non-vault monster count
 E = Vault monster count
 F = Vault count percentage of total count
                 A         B        C        D         E       F
            +---------+---------+-------+---------+---------+-------
      Total |    5557 |    3748 |  40.3 |     190 |      24 |  11.2
            +---------+---------+-------+---------+---------+-------
        D:1 |      79 |       1 |   1.2 |      35 |       1 |   2.8
        D:2 |      67 |     220 |  76.7 |      19 |       1 |   5.0
        D:3 |     134 |      37 |  21.6 |      22 |       1 |   4.3
        D:4 |     192 |       1 |   0.5 |      10 |       1 |   9.1
        D:5 |     188 |      35 |  15.7 |      10 |       1 |   9.1
        D:6 |     478 |     641 |  57.3 |      12 |       1 |   7.7
        D:7 |     930 |       0 |   0.0 |      30 |       0 |   0.0
        D:8 |    1559 |    2014 |  56.4 |      26 |       9 |  25.7
        D:9 |    1884 |     799 |  29.8 |      24 |       9 |  27.3
      Orc:1 |      46 |       0 |   0.0 |       2 |       0 |   0.0
            +---------+---------+-------+---------+---------+-------
